 Dungeon Crawl Stone Soup version 0.30-a0-1113-ga8025317a9 (webtiles) character file.

Game seed: 15530612427013478706

1094 MacCMillion the Skirmisher (level 7, -1/53 HPs)
             Began as a Demigod Hunter on Apr 14, 2023.
             Slain by a troll (4 damage)
             ... on level 4 of the Dungeon on Apr 20, 2023.
             The game lasted 00:17:23 (4976 turns).

MacCMillion the Skirmisher (Demigod Hunter)         Turns: 4976, Time: 00:17:23

Health: -1/53      AC:  4    Str: 12    XL:     7   Next: 83%
Magic:  9/9        EV: 12    Int: 11    God:
Gold:   231        SH:  0    Dex: 25    Spells: 6/6 levels left

rFire   . . .      SeeInvis .    a - +0 shortbow
rCold   + . .      Faith    .    (shield currently unavailable)
rNeg    . . .      Spirit   .    c - +0 leather armour
rPois   .          Reflect  .    (no helmet)
rElec   .          Rampage  .    (no cloak)
rCorr   .                        s - +0 pair of gloves
Will    .....                    (no boots)
Stlth   ++                       m - amulet of the acrobat
HPRegen 0.28/turn                e - ring of protection from cold
MPRegen 0.11/turn                (no ring)

@: about to teleport
A: high MP 1, forlorn, divine attributes
a: no special abilities


You were on level 4 of the Dungeon.
You visited 1 branch of the dungeon, and saw 5 of its levels.
You also visited: Ossuary.

You collected 231 gold pieces.

Inventory:

Hand Weapons
 a - a +0 shortbow (weapon)
Missiles
 z - a throwing net
Armour
 c - a +0 leather armour (worn)
 s - a +0 pair of gloves (worn)
Jewellery
 e - a ring of protection from cold (left hand)
 m - an amulet of the acrobat (around neck)
 C - a ring of ice
Wands
 w - a wand of mindburst (3)
Scrolls
 b - a scroll of immolation
 d - a scroll of fear {unknown}
 f - 7 scrolls of vulnerability
 g - 3 scrolls of enchant weapon {unknown}
 h - 2 scrolls of noise
 i - 8 scrolls of identify
 k - a scroll of magic mapping {unknown}
 o - a scroll of fog {unknown}
 t - a scroll of blinking {unknown}
 y - a scroll of poison {unknown}
 F - a scroll of enchant armour {unknown}
Potions
 l - 3 potions of curing
 n - a potion of berserk rage {unknown}
 p - a potion of mutation {unknown}
 q - a potion of ambrosia {unknown}
 r - a potion of resistance {unknown}
 u - 2 potions of lignification {unknown}
 v - a potion of might
 x - a potion of brilliance {unknown}
 A - a potion of cancellation {unknown}
 B - a potion of attraction {unknown}
 D - a potion of haste {unknown}
 E - 2 potions of flight {unknown}


   Skills:
 - Level 1.8 Fighting
 + Level 9.3 Ranged Weapons
 - Level 1.8 Dodging
 - Level 2.0 Stealth


You had 6 spell levels left.
You didn't know any spells.
Your spell library contained the following spells:

 Spells                   Type           Power      Damage    Failure   Level
 Sandblast                Erth           0%         2d4       41%         1
 Passwall                 Tmut/Erth      0%         N/A       56%         2
 Stone Arrow              Conj/Erth      0%         3d7       80%         3


Dungeon Overview and Level Annotations

Branches:
Dungeon (5/15)            Ossuary (visited)
 Temple: D:4-7

Shops:
D:1 *

Annotations:
D:3 Sigmund


Innate Abilities, Weirdness & Mutations

You have an increased reservoir of magic. (+10% MP)
You shall have no god before yourself.
Your divine heritage dramatically boosts your attributes as you level up.


Message History

Aim: an orc priest, wielding a +0 club (almost dead, 68% to hit)
You shoot an arrow. The arrow barely misses the orc.
The arrow hits the orc priest.
You kill the orc priest!
The orc hits you with a +0 short sword.
The orc hits you from afar with a +0 trident.
Fire: a) +0 shortbow
Press: ? - help, Q - select action, (/) - cycle Shift-Dir - straight line, f - orc
Aim: an orc, wielding a +0 short sword and wearing a +0 leather armour (almost dead, 68% to hit)
You shoot an arrow. The arrow hits the orc.
You kill the orc!
The orc barely misses you.
The orc wizard casts a spell.
The orc wizard flickers and vanishes!
Deactivating autopickup; reactivate with Ctrl-A.
Fire: a) +0 shortbow
Press: ? - help, Q - select action, (/) - cycle Shift-Dir - straight line, f - orc
Aim: an orc, wielding a +0 trident and wearing a +0 leather armour (68% to hit)
You shoot an arrow. The troll shouts!
The arrow hits the orc but does no damage.
A puff of flame appears from out of thin air!
The puff of flame hits you.
There is an open door here.
A puff of flame appears from out of thin air!
The puff of flame hits you!
There is a stone staircase leading up here.
The troll bites you! The troll claws you. The troll claws you!
You climb upwards.
Reactivating autopickup.
There is a stone staircase leading down here.
The troll attacks as you move away! The troll bites you!
* * * LOW HITPOINT WARNING * * *
The troll closely misses you. x2
There is an open door here.
As you read the scroll of teleportation, it crumbles to dust.
You feel strangely unstable. The troll bites you.
* * * LOW HITPOINT WARNING * * *
The troll barely misses you. The troll claws you.
You die...

...##...#..#####.........#
....#....................#
....+....................#
....#.......(............#
...##....................#
...##....................#
..............[..........#
...............T.........#
...##...########@##########
...###'###................#
....#....#................#
##+##....#................#
....#....'................#
....#....#................#
....#....#................#
....#....#..........).....#
....######................#


You could see a troll.

Vanquished Creatures
  3 ogres
  An elf zombie (Ossuary)
  A scorpion (D:5)
  A howler monkey (D:5)
  4 centaur zombies (Ossuary)
  A human zombie (Ossuary)
  A gnoll bouda (D:4)
  An orc priest (D:5)
  Jessica (D:3)
  2 iguanas
  An orc wizard (D:5)
  3 mummies
  4 gnolls (D:4)
  8 adders
  A white imp (D:4)
  An ufetubus (D:4)
  2 adder zombies (Ossuary)
  3 worms
  4 dart slugs
  24 orcs
  11 bats
  10 endoplasms
  6 giant cockroaches
  6 goblins
  9 hobgoblins
  5 jackals
  2 quokkas
  4 ball pythons
  4 frilled lizards
  2 goblin zombies
  11 hobgoblin zombies (Ossuary)
  A jackal zombie (Ossuary)
  12 kobolds
  10 kobold zombies
  6 orc zombies (Ossuary)
  7 rats
  A rat zombie (Ossuary)
174 creatures vanquished.

Notes
Turn   | Place    | Note
-------+----------+-------------------------------------------
     0 | D:1      | MacCMillion the Demigod Hunter began the quest for the Orb.
     0 | D:1      | Reached XP level 1. HP: 17/17 MP: 3/3
    46 | D:1      | Reached skill level 1 in Stealth
   136 | D:1      | Reached XP level 2. HP: 24/24 MP: 4/4
   196 | D:1      | Found Wutwamo's General Store.
   314 | D:1      | Reached skill level 4 in Ranged Weapons
   465 | D:2      | Reached XP level 3. HP: 29/29 MP: 5/5
   772 | D:2      | Reached XP level 4. HP: 36/36 MP: 6/6
   833 | D:2      | Reached skill level 5 in Ranged Weapons
  1104 | D:3      | Noticed Jessica
  1109 | D:3      | Killed Jessica
  1193 | D:3      | Noticed Sigmund
  1312 | D:3      | Reached XP level 5. HP: 41/41 MP: 7/7
  2057 | D:4      | Reached skill level 6 in Ranged Weapons
  2124 | D:4      | Upgraded the game from 0.30-a0-1074-g5db6f66fbb to
                  | 0.30-a0-1113-ga8025317a9
  2220 | D:4      | Noticed an ogre
  2225 | D:4      | Killed an ogre
  2314 | D:3      | Reached XP level 6. HP: 48/48 MP: 8/8
  2809 | D:4      | Reached skill level 7 in Ranged Weapons
  3117 | D:5      | Entered Level 5 of the Dungeon
  3343 | D:5      | Noticed a troll
  3566 | D:5      | Reached skill level 8 in Ranged Weapons
  3566 | D:5      | Reached XP level 7. HP: 53/53 MP: 9/9
  3639 | D:5      | Found a sand-covered staircase.
  3649 | Ossuary  | Entered an ossuary
  4173 | Ossuary  | HP: 2/53 [mummy (17)]
  4384 | Ossuary  | Reached skill level 9 in Ranged Weapons
  4976 | D:4      | Slain by a troll

Illustrated notes

Levels and vault maps discovered:
D:1:      ebering_trefoil_3fold, layout_rooms, serial_shops, shop
D:2:      layout_basic, minmay_fractal_squares_5
D:3:      layout_basic, nzn_hepliaklqana_mist_gate,
          nicolae_sif_muna_condensation, minmay_pentangle, uniq_sigmund,
          uniq_jessica
D:4:      layout_gridville, mainiacjoe_overflow_cross_hatched,
          nicolae_overflow_two_pavilions
D:5:      layout_loops_corners, nicolae_ossuary_entry_giza, hellmonk_no_cap

Skill      XL: |  1  2  3  4  5  6  7 |
---------------+----------------------+-----
Stealth        | 1 2 |  2.0
Ranged Weapons | 4 5 6 8 9 |  9.3
Fighting       | |  1.8
Dodging        | |  1.8

Action                     |  1- 3 |  4- 6 |  7- 9 || total
---------------------------+-------+-------+-------++-------
   Fire: Shortbow          |   116 |   266 |   176 ||   558
    Use: Scroll            |       |       |     6 ||     6
         Potion            |       |       |     2 ||     2
 Armour: Leather armour    |    21 |    31 |    58 ||   110
  Dodge: Dodged            |    37 |    91 |   118 ||   246

Table legend: (Time is in decaauts)
 A = Elapsed time spent in this place.
 B = Non-inter-level travel time spent in this place.
 C = Inter-level travel time spent in this place.
 D = Time resting spent in this place.
 E = Time spent auto-exploring this place.
 F = Levels seen in this place.
 G = Mean time per level.
                   A        B        C        D        E       F      G
               +--------+--------+--------+--------+--------+-----+--------+
         Total |   5091 |   4949 |    142 |    872 |   2569 |   6 |  848.5 |
       Dungeon |   3988 |   3846 |    142 |    357 |   2425 |   5 |  797.6 |
       Ossuary |   1102 |   1102 |      0 |    515 |    144 |   1 | 1102.0 |
               +--------+--------+--------+--------+--------+-----+--------+

Top non-repeatable levels by time:
     D:3: 1149 daAuts
 Ossuary: 1102 daAuts
     D:4: 861 daAuts
     D:2: 776 daAuts
     D:5: 746 daAuts
     D:1: 455 daAuts
